 Dungeon Crawl Stone Soup version 0.30.1-9-gdf580d7c3d (webtiles) character file.

Game seed: 15516052940223774697

46 Almogavar the Firebug (level 3, 0/26 HPs)
             Began as a Gnoll Wanderer on Sept 29, 2023.
             Slain by Natasha (6 damage)
             ... on level 2 of the Dungeon.
             The game lasted 00:04:47 (2133 turns).

Almogavar the Firebug (Gnoll Wanderer)              Turns: 2133, Time: 00:04:48

Health: 0/26       AC:  4    Str: 14    XL:     3   Next: 66%
Magic:  3/7        EV: 11    Int: 10    God:
Gold:   148        SH:  0    Dex: 11    Spells: 6/7 levels left

rFire   . . .        a - +2 spear
rCold   . . .        (no shield)
rNeg    . . .        d - +0 leather armour
rPois   .            (no helmet)
rElec   .            (no cloak)
rCorr   .            (no gloves)
SInv    .            b - +0 pair of boots
Will    .....        (no amulet)
Stlth   ++           (no ring)
HPRegen 0.24/turn    (no ring)
MPRegen 0.10/turn

%: no passive effects
@: no status effects
A: fangs 1, strong nose, distributed training
a: no special abilities


You were on level 2 of the Dungeon.
You visited 1 branch of the dungeon, and saw 2 of its levels.

You collected 148 gold pieces.

Inventory:

Hand Weapons
 a - a +2 spear (weapon)
Armour
 b - a +0 pair of boots (worn)
 d - a +0 leather armour (worn)
 h - a +0 ring mail
Scrolls
 e - 2 scrolls of poison
 f - a scroll of immolation {unknown}
 g - a scroll of identify {unknown}
 i - a scroll of blinking {unknown}
 m - a scroll of fog {unknown}
 q - a scroll of brand weapon {unknown}
Potions
 c - a potion of berserk rage
 j - a potion of heal wounds {unknown}
 k - a potion of invisibility {unknown}
 l - 2 potions of degeneration {unknown}
 n - 2 potions of magic {unknown}
 o - a potion of brilliance {unknown}
 p - 2 potions of mutation {unknown}
 r - a potion of haste {unknown}
 s - 2 potions of curing {unknown}


   Skills:
 + Level 1.0 Fighting
 + Level 1.0 Short Blades
 + Level 1.0 Long Blades
 + Level 1.0 Axes
 + Level 1.0 Maces & Flails
 + Level 4.6 Polearms
 + Level 1.0 Staves
 + Level 1.0 Ranged Weapons
 + Level 1.0 Throwing
 + Level 1.0 Armour
 + Level 1.0 Dodging
 + Level 4.2 Stealth
 + Level 1.0 Shields
 + Level 1.0 Unarmed Combat
 + Level 2.9 Spellcasting
 + Level 0.7 Conjurations
 + Level 0.7 Hexes
 + Level 0.7 Summonings
 + Level 0.7 Necromancy
 + Level 0.7 Translocations
 + Level 0.7 Transmutations
 + Level 7.1 Fire Magic
 + Level 0.7 Ice Magic
 + Level 0.7 Air Magic
 + Level 0.7 Earth Magic
 + Level 0.7 Poison Magic
 + Level 2.7 Invocations
 + Level 1.0 Evocations


You had 6 spell levels left.
You knew the following spells:

 Your Spells              Type           Power      Damage    Failure   Level
a - Foxfire               Conj/Fire      36%        2x1d5     7%          1

Your spell library contained the following spells:

 Spells                   Type           Power      Damage    Failure   Level
 Inner Flame              Hex/Fire       9%         N/A       22%         3
 Magic Dart               Conj           8%         1d3       26%         1
 Call Imp                 Summ           4%         N/A       36%         2
 Mephitic Cloud           Conj/Pois/Air  2%         N/A       61%         3


Dungeon Overview and Level Annotations

Branches:
Dungeon (2/15)

Altars:

Annotations:
D:2 Natasha


Innate Abilities, Weirdness & Mutations

You have very sharp teeth.
Your uncanny sense of smell can sniff out nearby items.
Your experience applies equally to all skills.


Message History

Your Shields skill increases to level 1!
Your Unarmed Combat skill increases to level 1!
Your Evocations skill increases to level 1!
Your foxfire dissipates!
You now have 148 gold pieces (gained 14).
Natasha, Servant of Life and Death comes into view.
Natasha hisses angrily.
Casting: Foxfire (safe; 7% risk of failure)
Confirm with . or Enter, or press ? or * to list all spells.
You conjure some foxfire!
The foxfire hits Natasha.
Natasha is lightly wounded.
The foxfire hits Natasha.
Natasha is moderately wounded.
Natasha casts a spell at you. The magic dart hits you.
Casting: Foxfire (safe; 7% risk of failure)
Confirm with . or Enter, or press ? or * to list all spells.
You conjure some foxfire!
Natasha claws you but does no damage.
The foxfire hits Natasha.
Natasha is severely wounded.
The foxfire hits Natasha but does no damage.
Natasha is severely wounded.
Natasha mumbles some strange words.
Casting: Foxfire (safe; 7% risk of failure)
Confirm with . or Enter, or press ? or * to list all spells.
You conjure some foxfire!
Natasha claws you.
The cerulean imp hits you from afar with a +1 spear.
The foxfire hits Natasha.
Natasha is severely wounded.
The foxfire hits Natasha but does no damage.
Natasha is severely wounded.
The cerulean imp closely misses you. Natasha casts a spell at you.
The magic dart hits you.
* * * LOW HITPOINT WARNING * * *
Casting: Foxfire (safe; 7% risk of failure)
Confirm with . or Enter, or press ? or * to list all spells.
You conjure some foxfire!
Natasha claws you.
You die...

#.......##. ##
#.......##. #.
#.......##. #.##
#.......##. #..#
#.......##. #...
#.......##. #..#
#......###†
#§v####.#.####.# #>
#v@h....#.####.###.
##.######.#........
#5.......#.##.####
########......#
########


You could see Natasha (ally target) and a cerulean imp (summoned, ally target).

Vanquished Creatures
  2 dart slugs
  4 bats
  2 endoplasms
  2 giant cockroaches
  4 goblins (D:1)
  3 hobgoblins
  3 jackals (D:1)
  3 kobolds (D:1)
  2 quokkas (D:2)
  3 ball pythons
  4 frilled lizards
  6 rats
38 creatures vanquished.

Vanquished Creatures (others)
  96 foxfires
96 creatures vanquished.

Grand Total: 134 creatures vanquished

Notes
Turn   | Place    | Note
-------+----------+-------------------------------------------
     0 | D:1      | Almogavar the Gnoll Wanderer began the quest for the Orb.
     0 | D:1      | Almogavar set off with the following items: a +2 spear, a
                  | +0 pair of boots, a potion of berserk rage, a +0 leather
                  | armour; and the following spell memorised: Foxfire; and the
                  | following spells available to memorise: Inner Flame.
     0 | D:1      | Reached XP level 1. HP: 13/13 MP: 4/4
   229 | D:1      | Reached XP level 2. HP: 19/19 MP: 5/5
   721 | D:1      | Reached XP level 3. HP: 25/25 MP: 7/7
   973 | D:1      | Found a faded altar of an unknown god.
  2082 | D:2      | Reached skill level 1 in Fighting
  2082 | D:2      | Reached skill level 1 in Short Blades
  2082 | D:2      | Reached skill level 1 in Long Blades
  2082 | D:2      | Reached skill level 1 in Axes
  2082 | D:2      | Reached skill level 1 in Maces & Flails
  2082 | D:2      | Reached skill level 1 in Staves
  2082 | D:2      | Reached skill level 1 in Ranged Weapons
  2082 | D:2      | Reached skill level 1 in Throwing
  2082 | D:2      | Reached skill level 1 in Armour
  2082 | D:2      | Reached skill level 1 in Dodging
  2082 | D:2      | Reached skill level 1 in Shields
  2082 | D:2      | Reached skill level 1 in Unarmed Combat
  2082 | D:2      | Reached skill level 1 in Evocations
  2125 | D:2      | Noticed Natasha
  2133 | D:2      | Slain by Natasha

Illustrated notes

Levels and vault maps discovered:
D:1:      minmay_arrival_semitransparent, layout_basic,
          nicolae_ecumenical_lake_church, bh_walls_and_bars
D:2:      layout_loops_cross, roderic_filled_cross, hangedman_glass_teeth,
          chequers_serial_rivers_micro_a, minmay_misc_feat_four_crosses,
          uniq_natasha

Skill      XL: |  1  2  3 |
---------------+----------+-----
Fighting       | 1 |  1.0
Short Blades   | 1 |  1.0
Long Blades    | 1 |  1.0
Axes           | 1 |  1.0
Maces & Flails | 1 |  1.0
Staves         | 1 |  1.0
Ranged Weapons | 1 |  1.0
Throwing       | 1 |  1.0
Armour         | 1 |  1.0
Dodging        | 1 |  1.0
Shields        | 1 |  1.0
Unarmed Combat | 1 |  1.0
Evocations     | 1 |  1.0
Polearms       | |  4.6
Stealth        | |  4.2
Spellcasting   | |  2.9
Conjurations   | |  0.7
Hexes          | |  0.7
Summonings     | |  0.7
Necromancy     | |  0.7
Translocations | |  0.7
Transmutations | |  0.7
Fire Magic     | |  7.1
Ice Magic      | |  0.7
Air Magic      | |  0.7
Earth Magic    | |  0.7
Poison Magic   | |  0.7
Invocations    | |  2.7

Action                     || total
---------------------------++-------
  Melee: Spear             ||    26
   Cast: Foxfire           ||    63
    Use: Scroll            ||     1
   Stab: Sleeping          ||     4
 Armour: Leather armour    ||    15
  Dodge: Dodged            ||    23
